 Dungeon Crawl Stone Soup version 0.14-a0-1330-g3eed206 (console) character file.

492 Radost the Ruinous (level 6, -5/32 HPs)
             Began as a Tengu Conjurer on Dec 4, 2013.
             Was an Initiate of the Shining One.
             Slain by an ogre
             ... wielding a +0,+0 giant spiked club
              (9 damage)
             ... on Level 4 of the Dungeon on Dec 6, 2013.
             The game lasted 01:09:18 (3581 turns).

Radost the Ruinous (Tengu Conjurer)                 Turns: 3581, Time: 01:09:19

HP  -5/32        AC  7     Str  9      XL: 6   Next: 45%
MP   9/18        EV 13     Int 16      God: the Shining One [......]
Gold 175         SH  0     Dex 15      Spells:  3 memorised,  7 levels left

rFire  . . .     SeeInvis .     M - +2,+1 short sword (distort)
rCold  . . .     Clarity  .     n - +0 steam dragon armour
rNeg   . . .     Conserve .     (no shield)
rPois  .         rCorr    .     (helmet restricted)
rElec  .         rRot     .     A - +1 cloak
SustAb . .       Spirit   .     (no gloves)
rMut   .         Warding  .     (boots unavailable)
Saprov . . .     Stasis   .     (no amulet)
                                (no ring)
                                (no ring)

@: slightly resistant to hostile enchantments, stealthy
A: able to fly, beak, talons 3
a: Fly, Renounce Religion


You were on level 4 of the Dungeon.
You worshipped the Shining One. the Shining One was noncommittal.
You were not hungry.

You visited 1 branch of the dungeon, and saw 4 of its levels.

You collected 175 gold pieces.

Inventory:

Hand weapons
 b - a +0,+0 short sword
 d - a +0,+0 club
 e - a +0,+0 dagger
 f - a +0,+0 hand axe
 B - a +0,+1 dagger
 C - a +0,+0 dagger
 E - a +0,+0 spear
 M - a +2,+1 short sword of distortion (weapon)
Missiles
 l - 49 darts (quivered)
 s - 18 exploding darts
 y - 3 steel darts
Armour
 a - a +0 robe
 k - a +0 elven leather armour
 n - a +0 steam dragon armour (worn)
 q - a +0 elven robe
 x - a +0 shield
 A - a +1 cloak (worn)
Magical devices
 H - a wand of lightning (4)
Comestibles
 D - 2 meat rations
 G - a bread ration
Scrolls
 h - a scroll of remove curse {unknown}
 o - 2 scrolls of amnesia
 p - a scroll of enchant armour {unknown}
 u - a scroll of enchant weapon I {unknown}
 z - a scroll of fear {unknown}
 I - a scroll of noise {unknown}
 K - a scroll of magic mapping {unknown}
 N - a scroll of curse jewellery {unknown}
Jewellery
 O - an uncursed ring of sustenance {unknown}
Potions
 g - a potion of cure mutation {unknown}
 i - a potion of degeneration {unknown}
 j - a potion of invisibility {unknown}
 m - 2 potions of heal wounds
 r - 2 potions of paralysis {unknown}
 t - 3 potions of restore abilities {unknown}
 v - 4 potions of curing
 w - a potion of flight {unknown}
 F - a potion of magic {unknown}
 J - a potion of poison {unknown}
 L - a potion of speed {unknown}
Books
 c - a book of Conjurations

   Spells                             Type                      Level
   *Magic Dart                        Conjuration                  1
   *Searing Ray                       Conjuration                  2
   Dazzling Spray                     Conjuration/Hexes            3
   *Iskenderun's Mystic Blast         Conjuration                  4
   Iskenderun's Battlesphere          Conjuration/Charms           4
   Fulminant Prism                    Conjuration/Hexes            5


   Skills:
 - Level 3.1 Dodging
 - Level 3.0 Stealth
 + Level 4.8 Spellcasting
 - Level 6.1 Conjurations
   Level 0.8 Hexes


You had 7 spell levels left.
You knew the following spells:

 Your Spells              Type           Power        Failure   Level  Hunger
a - Magic Dart            Conj           ###.         1%          1    None
b - Searing Ray           Conj           ###...       1%          2    #......
c - Iskenderun's Mystic   Conj           ###.....     14%         4    ####...


Dungeon Overview and Level Annotations

Branches:
Dungeon (4/16)
 Temple: D:4-7

Altars:
Okawaru
the Shining One

Annotations:
D:3 Sigmund


Innate Abilities, Weirdness & Mutations

You can fly.
You have a beak for a mouth.
You have claws for feet.


Message History

The ogre barely misses you.
There is a glowing golden altar of the Shining One here.
You kneel at the altar of the Shining One.
The Shining One welcomes you!
The ogre hits you with a giant spiked club!
Ouch! That really hurt!
* * * LOW HITPOINT WARNING * * *
Use which ability? (? or * to list)
Okay, then.
The phantom misses you. The rat bites you but does no damage.
An iguana comes into view.
The iguana hisses angrily.
The phantom closely misses you.
The orc wizard casts a spell.
The orc wizard seems to speed up.
There is a stone staircase leading up here.
The phantom hits you.
* * * LOW HITPOINT WARNING * * *
The ogre hits you with a giant spiked club!
You die...

.. ...# ##.##..# 8.8#..# .......#
.. .._....# #. .......#
#..#8.8#..# ###.#####
#.##.##)####### ###### #... ...#
#..........#.#. .....# #.#.
#.######...#...#._.. .....#
#.#.###..@po...[......#.#. ..#..#
#.#..#....Or.........[.... .....#
#.##.#.....l............#. ..<..#
#.##.#..######...#...####.
####.###.......######...#........
#..(.......(.....#...#######..
#######....#####.#...# #.#
#......# #...# #. #.#....# ....#
#. #.####.# ...... . # #...
.##...


You could see a phantom, an ogre, an iguana, an orc wizard and a rat.

Vanquished Creatures
  The ghost of M4edhros the Gusty, an average OpAE (D:4)
  A hound (D:3)
  An iguana (D:4)
  An orc wizard (D:4)
  9 adders
  2 giant mites (D:2)
  An ooze (D:3)
  2 orcs
  2 ball pythons
  3 giant cockroaches
  4 hobgoblins
  6 jackals (D:2)
  11 kobolds
  A quokka (D:2)
  6 bats
  6 giant geckos
  10 giant newts
  6 goblins
  An orc skeleton (D:4)
  4 rats
78 creatures vanquished.

Notes
Turn   | Place    | Note
--------------------------------------------------------------
     0 | D:1      | Radost, the Tengu Conjurer, began the quest for the Orb.
     0 | D:1      | Reached XP level 1. HP: 10/10 MP: 3/3
   456 | D:1      | Reached XP level 2. HP: 13/15 MP: 1/5
   471 | D:1      | Learned a level 2 spell: Searing Ray
  1340 | D:2      | Reached XP level 3. HP: 13/19 MP: 1/7
  1430 | D:2      | Learned a level 3 spell: Dazzling Spray
  1639 | D:2      | Reached XP level 4. HP: 24/24 MP: 6/9
  1707 | D:2      | Reached skill level 6 in Conjurations
  2556 | D:3      | Reached XP level 5. HP: 28/28 MP: 8/12
  2674 | D:3      | Learned a level 4 spell: Iskenderun's Mystic Blast
  2810 | D:3      | Upgraded the game from 0.14-a0-1297-g3d87a2a to 0.14-a0-1330-g3eed206
  2856 | D:3      | Noticed Sigmund
  3469 | D:4      | Found an iron altar of Okawaru.
  3472 | D:4      | Found a glowing golden altar of the Shining One.
  3488 | D:4      | Noticed M4edhros' ghost (average OpAE)
  3531 | D:4      | Reached XP level 6. HP: 28/32 MP: 4/17
  3538 | D:4      | Killed M4edhros' ghost
  3543 | D:4      | Noticed an ogre
  3563 | D:4      | Noticed a phantom
  3566 | D:4      | Became a worshipper of the Shining One
  3581 | D:4      | Slain by an ogre

Action                   |  1- 3 |  4- 6 || total
-------------------------+-------+-------++-------
Melee: Dagger            |    17 |     2 ||    19
       Unarmed           |     2 |       ||     2
       Short sword       |       |     6 ||     6
Throw: Dart              |     7 |       ||     7
 Cast: Magic Dart        |    47 |    61 ||   108
       Searing Ray       |     5 |    18 ||    23
       Iskenderun's Myst |       |     2 ||     2
Evoke: Wand              |       |     2 ||     2
  Use: Scroll            |       |     3 ||     3
       Potion            |       |     1 ||     1
 Stab: Sleeping          |     2 |     1 ||     3
